 Dungeon Crawl Stone Soup version 0.27-a0-684-g359e429f13 (webtiles) character file.

Game seed: 14436255693695837171

123 DarkShadow the Shield-Bearer (level 4, -1/44 HPs)
             Began as a Troll Fighter on Mar 20, 2021.
             Slain by an orc wizard
             ... wielding a +0 dagger
              (4 damage)
             ... on level 2 of the Dungeon.
             The game lasted 00:04:26 (1382 turns).

DarkShadow the Shield-Bearer (Troll Fighter)        Turns: 1382, Time: 00:04:26

Health: -1/44      AC:  4    Str: 25    XL:     4   Next: 79%
Magic:  3/3        EV:  8    Int:  4    God:
Gold:   75         SH:  0    Dex:  9    Spells: 3/3 levels left

rFire    . . .     SeeInvis .     - Unarmed
rCold    . . .     Faith    .   b - +0 kite shield
rNeg     . . .     Spirit   .   a - +0 robe
rPois    .         Reflect  .   (helmet restricted)
rElec    .         Harm     .   (no cloak)
rCorr    .         Rampage  .   (gloves unavailable)
Will     .....                  (boots unavailable)
Stlth    +.........             (no amulet)
HPRegen  1.14/turn              (no ring)
MPRegen  0.08/turn              (no ring)

@: confused, about to teleport
A: large, unfitting armour, claws 3, regeneration 1, shaggy fur 1, tough skin 1
a: no special abilities


You were on level 2 of the Dungeon.
You visited 1 branch of the dungeon, and saw 2 of its levels.

You collected 75 gold pieces.

Inventory:

Armour
 a - a +0 robe (worn)
 b - a +0 kite shield (worn)
Jewellery
 e - a ring of willpower
Scrolls
 d - 3 scrolls of teleportation
 f - a scroll of immolation {unknown}
 g - 2 scrolls of amnesia {unknown}
 i - 2 scrolls of identify {unknown}
 j - a scroll of magic mapping {unknown}
Potions
 c - a potion of might
 h - 2 potions of brilliance {unknown}
 k - a potion of curing {unknown}
 l - a potion of mutation {unknown}


   Skills:
 + Level 2.7 Fighting
 + Level 3.2 Dodging
 + Level 3.4 Shields
 + Level 2.8 Unarmed Combat


You had 3 spell levels left.
You didn't know any spells.
Your spell library was empty.

Dungeon Overview and Level Annotations

Branches:
Dungeon (2/15)

Altars:
Ashenzari
Fedhas


Innate Abilities, Weirdness & Mutations

You are too large for most types of armour.
You have claws for hands.
Your natural rate of healing is unusually fast.
You are covered in fur. (AC +1)
You have tough skin. (AC +1)


Message History

You closely miss the orc wizard.
The orc wizard is severely wounded.
The orc wizard points at itself and mumbles some strange words.
The orc wizard flickers and vanishes!
Deactivating autopickup; reactivate with Ctrl-A.
Your shield prevents you from hitting the orc.
The orc wizard points at itself and mumbles some strange words.
The orc wizard flickers and vanishes!
You block the orc's attack.
The orc wizard hits you with a +0 dagger.
You block something's attack.
You closely miss the orc.
The orc wizard hits you with a +0 dagger.
Something hits you.
You scratch something.
The orc wizard hits you with a +0 dagger.
Something hits you.
* * * LOW HITPOINT WARNING * * *
You hear some strange, mumbled words.
Something tries to affect you, but you resist.
You scratch something. You block the orc's attack.
The orc wizard casts a spell at itself.
The orc wizard flickers and vanishes!
You block something's attack. Something hits you.
* * * LOW HITPOINT WARNING * * *
As you read the scroll labelled WOX UTEDULO, it crumbles to dust.
You feel strangely unstable.
It was a scroll of teleportation.
The orc hits you with a +0 war axe.
* * * LOW HITPOINT WARNING * * *
Something completely misses you.
You hear some strange, mumbled words.
You are confused.
Something hits you.
* * * LOW HITPOINT WARNING * * *
You are too confused!
You are too confused!
You miss something. The orc barely misses you.
Something hits you but does no damage. Something hits you.
* * * LOW HITPOINT WARNING * * *
Something hits you.
You die...

..o........# ..
...........# .. ..........#
..... #. ........##......#.
#o..##.......... .
#...##.......... ...
#...##..........
.....####...##..........
......{@[o............(.
##.....{o##.............
##.......#####.........#
...............##....# # .>
...................... . #.
###......##.............
#.###.........#............
#..........................
#..............#+###.......


You could see 2 orcs.

Vanquished Creatures
  5 adders (D:2)
  2 worms (D:2)
  2 dart slugs
  3 leopard geckos (D:1)
  An orc (D:2)
  A ball python (D:1)
  8 bats
  5 giant cockroaches
  4 goblins
  5 hobgoblins
  6 jackals (D:1)
  3 quokkas
  3 frilled lizards (D:1)
  7 kobolds
  6 rats (D:1)
61 creatures vanquished.

Vanquished Creatures (others)
  A frilled lizard (D:2)
  A rat (D:2)
2 creatures vanquished.

Grand Total: 63 creatures vanquished

Notes
Turn   | Place    | Note
-------+----------+-------------------------------------------
     0 | D:1      | DarkShadow the Troll Fighter began the quest for the Orb.
     0 | D:1      | Reached XP level 1. HP: 22/22 MP: 0/0
    96 | D:1      | Reached XP level 2. HP: 29/29 MP: 1/1
   449 | D:1      | Reached XP level 3. HP: 36/36 MP: 2/2
   890 | D:2      | Found a broken altar of Ashenzari.
   890 | D:2      | Found a blossoming altar of Fedhas.
   926 | D:2      | Reached XP level 4. HP: 44/44 MP: 3/3
  1382 | D:2      | Slain by an orc wizard

Illustrated notes

Levels and vault maps discovered:
D:1:      enne_arrival_octagon_isle, layout_basic, minmay_indecisive_spiral
D:2:      layout_basic, gammafunk_temple_overflow_elements, serial_shops, shop,
          lemuel_old_faithful

Skill      XL: |  1  2  3  4 |
---------------+-------------+-----
Shields        | 3 |  3.4
Dodging        | 3 |  3.2
Fighting       | |  2.7
Unarmed Combat | |  2.8

Action                   |  1- 3 |  4- 6 || total
-------------------------+-------+-------++-------
Melee: Unarmed           |   132 |    90 ||   222
  Use: Scroll            |       |     1 ||     1
Armor: Robe              |    71 |    68 ||   139
Dodge: Dodged            |    72 |    78 ||   150
Block: Kite shield       |    93 |    98 ||   191

Table legend: (Time is in decaauts)
 A = Elapsed time spent in this place.
 B = Non-inter-level travel time spent in this place.
 C = Inter-level travel time spent in this place.
 D = Time resting spent in this place.
 E = Time spent auto-exploring this place.
 F = Levels seen in this place.
 G = Mean time per level.
                   A        B        C        D        E       F      G
               +--------+--------+--------+--------+--------+-----+--------+
         Total |   1417 |   1415 |      2 |      2 |    565 |   2 |  708.5 |
       Dungeon |   1417 |   1415 |      2 |      2 |    565 |   2 |  708.5 |
               +--------+--------+--------+--------+--------+-----+--------+

Top non-repeatable levels by time:
     D:1: 855 daAuts
     D:2: 562 daAuts
